 Dungeon Crawl Stone Soup version 0.22.0-38-g04b72b8 (webtiles) character file.

212 Marcoleric the Shield-Bearer (level 5, -3/33 HPs)
             Began as a Gargoyle Fighter on Aug 29, 2018.
             Was an Initiate of Cheibriados.
             Killed by nerve-wracking pain
             ... invoked by Grinder
              (5 damage)
             ... while paralysed by Grinder
             ... on level 3 of the Dungeon.
             The game lasted 00:11:04 (2244 turns).

Marcoleric the Shield-Bearer (Gargoyle Fighter)     Turns: 2244, Time: 00:11:05

Health: -3/33      AC: 13    Str: 22      XL:     5   Next: 90%
Magic:  5/5        EV:  2    Int:  8 (9)  God:    Cheibriados [......]
Gold:   70         SH:  0    Dex: 10      Spells: 4/4 levels left

rFire    . . .     SeeInvis .   a - +0 flail
rCold    . . .     Gourm    .   o - +0 large shield
rNeg     + . .     Faith    .   b - +0 scale mail
rPois    ∞         Spirit   .   h - +0 helmet
rElec    +         Reflect  .   (no cloak)
rCorr    .         Harm     .   g - +0 pair of gloves
MR       .....                  (no boots)
Stlth    ..........             (no amulet)
HPRegen  0.11/turn              (no ring)
MPRegen  0.09/turn              (no ring)

@: paralysed, very slow
A: negative energy resistance 1, electricity resistance, unbreathing,
petrification resistance, rot immunity, AC +4
a: Bend Time, Renounce Religion


You were on level 3 of the Dungeon.
You worshipped Cheibriados.
Cheibriados was noncommittal.
You were not hungry.

You visited 1 branch of the dungeon, and saw 3 of its levels.

You collected 70 gold pieces.

Inventory:

Hand Weapons
 a - a +0 flail (weapon)
Armour
 b - a +0 scale mail (worn)
 c - a +0 shield
 g - a +0 pair of gloves (worn)
 h - a +0 helmet (worn)
 k - a +0 pair of gloves
 o - a +0 large shield (worn)
Jewellery
 d - an uncursed ring of resist corrosion {unknown}
 i - a +5 ring of protection {unknown}
 l - an uncursed ring of protection from fire {unknown}
 q - an uncursed amulet of rage
Scrolls
 e - a scroll of remove curse
 r - a scroll of identify
Comestibles
 f - 4 rations


   Skills:
 + Level 3.9 Fighting
 + Level 3.9 Maces & Flails
 + Level 3.9 Armour
 + Level 1.1 Dodging
 + Level 4.5 Shields


You had 4 spell levels left.
You didn't know any spells.
Your spell library was empty.

Dungeon Overview and Level Annotations

Branches:
Dungeon (3/15)

Altars:
Cheibriados
Ru
Vehumet

Annotations:
D:3 Grinder


Innate Abilities, Weirdness & Mutations

You are resistant to torment.
Your stone body is resilient. (AC +4)
You are immune to poison.
You resist negative energy. (rN+)
You are resistant to electric shocks. (rElec)
You can survive without breathing.
You are immune to petrification.
You are immune to rotting.


Message History

* * * LOW HITPOINT WARNING * * *
There is a stone staircase leading up here.
Grinder gestures at you.
You suddenly lose the ability to move!
Grinder hits you.
* * * LOW HITPOINT WARNING * * *
You can move again.
Grinder says, "FISH!"
Grinder gestures at you. Pain shoots through your body!
* * * LOW HITPOINT WARNING * * *
Unknown command.
Grinder gestures at you. You resist with significant effort.
You see here a flail.
Grinder gestures at you.
You suddenly lose the ability to move!
Grinder gestures at you. Pain shoots through your body!
You die...

.#.### #.... ...... #.... ......
#.... ......
#################....
......#######...................†
>..................†...######..†.
......#######....................
.....$ #....######.#...#.#.#
##.### #...@5............#.# ..
#..#.##.##......#.#.. #
#..#.##.####.##.#.### ###
#..#..)5##....#.#....
....#########..#######....#.#.###
.........)................#.#.###
....########..#######......†.....
... #..# #.........### .. #..#
#.####....#


You could see Grinder.

Vanquished Creatures
  Ijyb (D:3)
  Jessica (D:3)
  6 adders
  An ooze (D:2)
  3 worms
  2 dart slugs
  3 leopard geckos (D:1)
  An orc (D:3)
  12 bats
  7 giant cockroaches
  11 goblins
  10 hobgoblins
  4 jackals
  2 quokkas
  3 frilled lizards (D:2)
  10 kobolds
  6 rats
  A plant (D:3)
84 creatures vanquished.

Notes
Turn   | Place    | Note
-------+----------+-------------------------------------------
     0 | D:1      | Marcoleric the Gargoyle Fighter began the quest for the Orb.
     0 | D:1      | Reached XP level 1. HP: 14/14 MP: 1/1
   108 | D:1      | Reached XP level 2. HP: 15/19 MP: 2/2
   416 | D:1      | Reached XP level 3. HP: 24/24 MP: 3/3
  1040 | D:2      | Reached XP level 4. HP: 24/29 MP: 4/4
  1551 | D:2      | Reached skill level 4 in Shields
  1551 | D:2      | Reached XP level 5. HP: 30/33 MP: 5/5
  1706 | D:3      | Found a snail-covered altar of Cheibriados.
  1712 | D:3      | Found a radiant altar of Vehumet.
  1731 | D:3      | Found a sacrificial altar of Ru.
  1749 | D:3      | Became a worshipper of Cheibriados the Contemplative
  1894 | D:3      | Noticed Ijyb
  1913 | D:3      | Killed Ijyb
  1913 | D:3      | Reached skill level 1 in Dodging
  2124 | D:3      | Noticed Jessica
  2129 | D:3      | Killed Jessica
  2182 | D:3      | Noticed Grinder
  2204 | D:3      | Paralysed by Grinder for 4 turns
  2211 | D:3      | Paralysed by Grinder for 4 turns
  2231 | D:3      | Paralysed by Grinder for 3 turns
  2234 | D:3      | HP: 1/33 [Grinder/nerve-wracking pain (6)]
  2241 | D:3      | Paralysed by Grinder for 5 turns
  2244 | D:3      | Killed from afar by Grinder

Skill      XL: |  1  2  3  4  5 |
---------------+----------------+-----
Maces & Flails | 3 |  3.9
Shields        | 4 |  4.5
Dodging        | 1 |  1.1
Fighting       | |  3.9
Armour         | |  3.9

Action                   |  1- 3 |  4- 6 || total
-------------------------+-------+-------++-------
Melee: Flail             |   143 |   245 ||   388
  Use: Scroll            |     2 |     4 ||     6
       Potion            |     1 |     4 ||     5
  Eat: Ration            |     1 |     1 ||     2
Armor: Scale mail        |   105 |   188 ||   293
Dodge: Dodged            |    54 |   107 ||   161
Block: Shield            |    77 |   113 ||   190
       Large shield      |       |   123 ||   123
